 Dungeon Crawl Stone Soup version 0.31-a0-233-g139696dc86 (webtiles) character file.

Game seed: 1644112551918726504

94 pokeman the Magician (level 4, -2/25 HPs)
             Began as a Deep Elf Hedge Wizard on July 7, 2023.
             Slain by a cerulean imp
             ... wielding a +2 spear
             ... summoned by Natasha
              (5 damage)
             ... on level 1 of the Dungeon.
             The game lasted 00:04:14 (1470 turns).

pokeman the Magician (Deep Elf Hedge Wizard)        Turns: 1470, Time: 00:04:14

Health: -2/25      AC:  2    Str:  7    XL:     4   Next: 38%
Magic:  1/13       EV: 12    Int: 21    God:
Gold:   70         SH:  0    Dex: 14    Spells: 6/14 levels left

rFire   . . .        a - +0 dagger
rCold   . . .        (no shield)
rNeg    . . .        b - +0 robe
rPois   .            c - +0 hat
rElec   .            (no cloak)
rCorr   .            (no gloves)
SInv    .            (no boots)
Will    .....        (no amulet)
Stlth   ++           (no ring)
HPRegen 0.24/turn    (no ring)
MPRegen 0.13/turn

%: no passive effects
@: no status effects
A: no striking features
a: no special abilities


You were on level 1 of the Dungeon.
You visited 1 branch of the dungeon, and saw 2 of its levels.

You collected 70 gold pieces.

Inventory:

Hand Weapons
 a - a +0 dagger (weapon)
Armour
 b - a +0 robe (worn)
 c - a +0 hat (worn)
Scrolls
 e - a scroll of teleportation {unknown}
 h - a scroll of amnesia {unknown}
 j - a scroll of identify {unknown}
 k - a scroll of fog {unknown}
Potions
 d - a potion of magic
 f - a potion of brilliance {unknown}
 g - a potion of attraction {unknown}
 i - a potion of berserk rage {unknown}


   Skills:
 - Level 1.1 Fighting
 - Level 1.0 Armour
 + Level 2.8 Dodging
 + Level 2.6 Stealth
 * Level 5.6 Spellcasting
 + Level 2.2 Conjurations
 - Level 1.1 Summonings
 - Level 1.1 Translocations


You had 6 spell levels left.
You knew the following spells:

 Your Spells              Type           Power      Damage    Failure   Level
a - Magic Dart            Conj           60%        1d6       4%          1
b - Mephitic Cloud        Conj/Pois/Air  9%         N/A       22%         3
c - Call Imp              Summ           20%        N/A       10%         2
d - Blink                 Tloc           20%        N/A       10%         2

Your spell library contained the following spells:

 Spells                   Type           Power      Damage    Failure   Level
 Slow                     Hex            20%        N/A       11%         1
 Cigotuvi's Dreadful Rot  Necr/Pois/Air  10%        N/A       16%         2
 Teleport Other           Tloc           10%        N/A       19%         3
 Summon Forest            Summ/Tloc      5%         N/A       87%         5
 Leda's Unmaking          Conj/Erth      5%         9d2       100%        6


Dungeon Overview and Level Annotations

Branches:
Dungeon (2/15)

Altars:

Annotations:
D:1 Natasha


Message History

The ball explodes into a vile cloud!
The stinking cloud engulfs Natasha but does no damage.
Natasha is engulfed in noxious fumes.
Unknown command.
Unknown command.
Casting: Mephitic Cloud (extremely dangerous; 22% risk of failure)
Confirm with . or Enter, or press ? or * to list all spells.
The spell is extremely dangerous to miscast (22% risk of failure)!
Continue anyway?
Aiming: Mephitic Cloud (extremely dangerous; 22% risk of failure)
Press: ? - help, Shift-Dir - straight line, f/p - Natasha
Aim: Natasha (chance to affect: 86%)
You miscast Mephitic Cloud.
You are very lightly contaminated with residual magic.
You are blasted with air!
Natasha claws you.
Unknown command.
You aren't carrying any items that you can evoke.
Unknown command.
Natasha attacks as you move away! Natasha barely misses you.
Natasha stares at you and mumbles some strange words.
The magic dart hits you. Natasha attacks as you move away!
Natasha closely misses you. Natasha attacks as you move away!
Natasha closely misses you. Natasha attacks as you move away!
Natasha misses you.
Natasha casts a spell.
Natasha attacks as you move away! Natasha claws you but does no damage.
Your magical contamination has completely faded away.
Natasha stares at you and mumbles some strange words.
You resist with some effort.
Natasha mumbles some strange words.
The cerulean imp hits you from afar with a +2 spear.
* * * LOW HITPOINT WARNING * * *
The cerulean imp hits you from afar with a +2 spear.
* * * LOW HITPOINT WARNING * * *
The cerulean imp hits you from afar with a +2 spear.
* * * LOW HITPOINT WARNING * * *
Casting: Mephitic Cloud (extremely dangerous; 22% risk of failure)
Confirm with . or Enter, or press ? or * to list all spells.
A tiny devil pulls itself out of the air.
The cerulean imp hits you from afar with a +2 spear.
You die...

...........#.................####
##.....>...#......).............#
...#...............##...........#
....#######.........#...........#
.....### ##.##.###.............#
.......# ###.##.#####...........#
.....#.###...h..................#
........h..##.5###.....(........#
.......#######5.@...#.##.8.8...##
....##..####...###(....#.#'#.#..#
.....#.......#.#...###...#.#....#
.....#.#.....#.#...# #.###.###..#
.......#####.#)#..## #.#8...8#.##
.....### #.......# #.#.._..#.#
.....# #.......# #.#8...8#.#
....## ##.......# #.###.###.#
...## ##...###### #...#.#...#


You could see Natasha, a cerulean imp (summoned, ally target) and a friendly
cerulean imp (summoned).

Vanquished Creatures
  Natasha (twice) (D:1)
  An adder (D:1)
  5 bats (D:1)
  2 endoplasms (D:1)
  2 giant cockroaches (D:1)
  2 goblins (D:1)
  7 hobgoblins (D:1)
  4 jackals (D:1)
  2 kobolds (D:1)
  3 ball pythons (D:1)
  A frilled lizard (D:1)
  2 rats
33 creatures vanquished.

Notes
Turn   | Place    | Note
-------+----------+-------------------------------------------
     0 | D:1      | pokeman the Deep Elf Hedge Wizard began the quest for the
                  | Orb.
     0 | D:1      | Reached XP level 1. HP: 10/10 MP: 7/7
   296 | D:1      | Reached XP level 2. HP: 16/16 MP: 4/9
   666 | D:1      | Got Sif Muna's Directory of Rocky Location
   683 | D:1      | Found a faded altar of an unknown god.
   837 | D:1      | Reached skill level 5 in Spellcasting
   999 | D:1      | Reached XP level 3. HP: 19/20 MP: 3/11
  1155 | D:2      | Noticed Natasha
  1162 | D:1      | Learned a level 3 spell: Mephitic Cloud
  1165 | D:1      | Learned a level 2 spell: Call Imp
  1168 | D:1      | Learned a level 2 spell: Blink
  1203 | D:1      | Reached skill level 1 in Armour
  1292 | D:1      | Killed Natasha
  1293 | D:1      | Reached skill level 1 in Fighting
  1293 | D:1      | Reached XP level 4. HP: 18/25 MP: 4/13
  1408 | D:1      | Noticed Natasha
  1420 | D:1      | Killed Natasha
  1445 | D:1      | Noticed Natasha
  1470 | D:1      | Slain by a cerulean imp

Illustrated notes

Levels and vault maps discovered:
D:1:      lightli_arrival_lavapool, layout_rooms,
          dreamdust_ecumenical_altar_angels_and_demons, nicolae_eternal_life
D:2:      layout_loops_ring, minmay_rat_hole, uniq_natasha

Skill      XL: |  1  2  3 |
---------------+----------+-----
Spellcasting   | 5 |  5.6
Armour         | 1 |  1.0
Fighting       | 1 |  1.1
Conjurations   | 2 |  2.2
Dodging        | |  2.8
Stealth        | |  2.6
Summonings     | |  1.1
Translocations | |  1.1

Action                     |  1- 3 |  4- 6 || total
---------------------------+-------+-------++-------
  Melee: Dagger            |    42 |     2 ||    44
   Cast: Magic Dart        |    73 |     8 ||    81
         Mephitic Cloud    |     3 |     2 ||     5
         Call Imp          |       |     1 ||     1
   Stab: Confused          |     1 |       ||     1
 Armour: Robe              |    10 |     1 ||    11
  Dodge: Dodged            |    44 |     4 ||    48

Table legend: (Time is in decaauts)
 A = Elapsed time spent in this place.
 B = Non-inter-level travel time spent in this place.
 C = Inter-level travel time spent in this place.
 D = Time resting spent in this place.
 E = Time spent auto-exploring this place.
 F = Levels seen in this place.
 G = Mean time per level.
                   A        B        C        D        E       F      G
               +--------+--------+--------+--------+--------+-----+--------+
         Total |   1472 |   1466 |      6 |    163 |   1002 |   2 |  736.0 |
       Dungeon |   1472 |   1466 |      6 |    163 |   1002 |   2 |  736.0 |
               +--------+--------+--------+--------+--------+-----+--------+

Top non-repeatable levels by time:
     D:1: 1455 daAuts
     D:2: 16 daAuts
